 Dungeon Crawl Stone Soup version 0.17-a0-1393-gcb420ff (webtiles) character file.

13551 nubinia the Thaumaturge (level 11, -4/60 HPs)
             Began as a Deep Elf Necromancer on June 16, 2015.
             Was a High Priest of Sif Muna.
             Slain by Rupert
             ... wielding a +0 battleaxe of electrocution
              (36 damage)
             ... on level 4 of the Lair of Beasts.
             The game lasted 02:01:09 (14801 turns).

nubinia the Thaumaturge (Deep Elf Necromancer)     Turns: 14801, Time: 02:01:10

Health: -4/60      AC: 12    Str:  9    XL:     11   Next: 77%
Magic:  21/30      EV: 24    Int: 21    God:    Sif Muna [*****.]
Gold:   789        SH:  0    Dex: 27    Spells: 7 memorised, 18 levels left

rFire  . . .     SeeInvis .     b - +0 blowgun
rCold  . . .     Clarity  .     z - +2 leather armour {rPois}
rNeg   . . .     SustAt   .     (no shield)
rPois  +         Gourm    .     (no helmet)
rElec  .         Spirit   .     i - +2 cloak
rCorr  .         Warding  .     T - +2 pair of gloves
rMut   .         Stasis   .     (no boots)
MR     +....                    V - amulet of faith
Stlth  +++++.....               g - +3 ring of dexterity
                                W - +3 ring of strength

@: agile, regenerating (expiring), somewhat resistant to hostile enchantments,
quite stealthy
A: yellow scales 1, agile 1, deformed body
a: Channel Energy, Forget Spell, Renounce Religion


You were on level 4 of the Lair of Beasts.
You worshipped Sif Muna.
Sif Muna was extremely pleased with you.
You were not hungry.

You visited 3 branches of the dungeon, and saw 15 of its levels.

You collected 789 gold pieces.

Inventory:

Hand weapons
 a - the +2 short sword "Acleck" {pierce, rC+ MR+ Int-4}
   (You found it on level 5 of the Dungeon)

   It inflicts extra damage upon your enemies.
   It affects your intelligence (-4).
   It protects you from cold.
   It affects your resistance to hostile enchantments.
 b - a +0 blowgun (weapon)
 v - a +3 short sword of venom
Missiles
 h - 27 poisoned needles (quivered)
 P - 7 needles of sleeping
Armour
 i - a +2 cloak (worn)
 x - the +2 leather armour of Sistyo {rF+ MR- Str+4 Int+4}
   (You took it off a kobold on level 5 of the Dungeon)

   It affects your strength (+4).
   It affects your intelligence (+4).
   It protects you from fire.
   It affects your resistance to hostile enchantments.
 z - a +2 leather armour of poison resistance (worn)
 T - a +2 pair of gloves (worn)
Magical staves
 f - an uncursed staff of cold
 p - an uncursed staff of fire
 D - an uncursed staff of wizardry
Jewellery
 g - a +3 ring of dexterity (right hand)
 o - an uncursed ring of flight
 E - an uncursed amulet of stasis {unknown}
 K - an uncursed amulet of warding {unknown}
 L - an uncursed amulet of guardian spirit
 U - an uncursed ring of teleportation
 V - an amulet of faith (around neck)
 W - a +3 ring of strength (left hand)
Magical devices
 r - a wand of fireball (4)
 B - a wand of teleportation (9)
 H - a wand of heal wounds (6)
 Q - a wand of fire (4)
 S - a wand of polymorph (10)
 X - a wand of fire (5)
 Y - a wand of digging (7)
Scrolls
 d - a scroll of magic mapping {unknown}
 e - a scroll of enchant weapon
 j - 4 scrolls of teleportation
 k - 4 scrolls of recharging
 l - 5 scrolls of identify
 m - a scroll of amnesia
 n - a scroll of blinking {unknown}
 q - 2 scrolls of fear
 t - a scroll of vulnerability {unknown}
 u - a scroll of holy word {unknown}
 J - 7 scrolls of remove curse
 R - a scroll of summoning {unknown}
 Z - a scroll of brand weapon {unknown}
Potions
 s - 4 potions of curing
 w - a potion of cure mutation
 I - a potion of resistance
 M - a potion of agility
Books
 y - a book of Death

   Spells                             Type                      Level
   a - Corpse Rot                     Necromancy                   2
   b - Sublimation of Blood           Necromancy                   2
   c - Agony                          Necromancy                   5
   d - Dispel Undead                  Necromancy                   5
   e - Excruciating Wounds            Charms/Necromancy            5
   f - Bolt of Draining               Conjuration/Necromancy       5
Miscellaneous
 G - a sack of spiders {used: 2}
Comestibles
 c - 9 bread rations
 A - 4 meat rations
 C - a chunk of flesh
 F - 4 beef jerkies
 N - a slice of pizza
 O - a fruit


   Skills:
 + Level 3.0 Fighting
 + Level 3.7 Short Blades
 + Level 2.5 Throwing
 + Level 2.6 Armour
 + Level 7.4 Dodging
 + Level 6.5 Stealth
 * Level 13.9 Spellcasting
 * Level 4.3 Conjurations
 + Level 3.9 Hexes
 + Level 6.2 Charms
 + Level 12.1 Necromancy
 + Level 1.3 Invocations


You had 18 spell levels left.
You knew the following spells:

 Your Spells              Type           Power        Failure   Level  Hunger
a - Pain                  Necr           ####         1%          1    None
b - Dazzling Spray        Conj/Hex       ####....     3%          3    None
r - Regeneration          Chrm/Necr      ######....   1%          3    None
v - Vampiric Draining     Necr           ######....   1%          3    None
C - Control Undead        Necr           ######....   1%          4    None
D - Animate Dead          Necr           N/A          1%          4    None
S - Animate Skeleton      Necr           N/A          1%          1    None


Dungeon Overview and Level Annotations

Branches:
Dungeon (10/15)            Temple (1/1) D:6            Lair (4/8) D:10
    Orc (0/4) D:10
  Swamp: Lair:3-6    Shoals: Lair:3-6     Snake: Lair:3-6    Spider: Lair:3-6

Altars:
Cheibriados
Dithmenos
Gozag
Makhleb
Nemelex Xobeh
Okawaru
Qazlal
Ru
Sif Muna
Trog
Vehumet
Yredelemnul
Zin
The Shining One

Shops:
D:7 *

Annotations:
D:5 Grinder
Lair:4 Rupert


Innate Abilities, Weirdness & Mutations

You are partially covered in yellow scales (AC +2).
You are agile. (Dex +2)
Armour fits poorly on your strangely shaped body.


Message History

You feel life coursing into your body.
Your skin is crawling a little less now.
Rupert barely misses you.
Casting: Vampiric Draining
Confirm with . or Enter, or press ? or * to list all spells.
Aiming: Vampiric Draining
Press: ? - help, Shift-Dir - straight line, f/p - Rupert
Aim: Rupert, wielding a battleaxe of electrocution and wearing a shiny ring mail (heavily wounded, berserk, fast, unusually strong, poisoned) Rupert is severely wounded.
You feel life coursing into your body. Rupert misses you.
Casting: Vampiric Draining
Confirm with . or Enter, or press ? or * to list all spells.
Aiming: Vampiric Draining
Press: ? - help, Shift-Dir - straight line, f/p - Rupert
Aim: Rupert, wielding a battleaxe of electrocution and wearing a shiny ring mail (severely wounded, berserk, fast, unusually strong, poisoned) Rupert is severely wounded.
You feel life coursing into your body.
Rupert hits you with a battleaxe of electrocution!!!
Ouch! That really hurt!
You die...

### ##@# ......
#@## ### .....#
##Z# #.###...#
###.##
##.P##..####P.##
.........##...#
##..(...###..##
#.......#.>.##
............#


You could see Rupert (berserk) and a river rat zombie.

Vanquished Creatures
  Snorg (D:10)
  A death yak (D:10)
  Pikel (D:5)
  An elephant (D:10)
  A black mamba (Lair:2)
  A molten gargoyle (Lair:3)
  4 spiny frogs
  Prince Ribbit (D:9)
  2 blink frogs (Lair:1)
  A wraith (D:10)
  24 yaks
  A hungry ghost (D:7)
  2 deep elf magi (D:10)
  Edmund (D:4)
  2 water moccasins
  An orc warrior (D:10)
  3 ice beasts
  2 porcupines
  4 slaves (D:5)
  2 black bears
  A phantom (D:9)
  4 ogres
  A centaur (D:8)
  3 crocodiles
  A big kobold (D:10)
  Blork the orc (D:5)
  10 giant frogs
  A gnoll sergeant (D:7)
  2 wights (D:10)
  5 killer bees
  3 scorpions
  A crimson imp (D:5)
  2 jellies
  3 orc priests
  A giant frog skeleton (D:4)
  4 iguanas
  8 orc wizards
  2 hell rats (D:5)
  A hound (D:6)
  7 worker ants
  4 sheep
  A hound skeleton (D:7)
  12 gnolls
  6 adders
  26 river rats
  A shadow imp (D:5)
  2 adder zombies
  An adder skeleton (D:6)
  A worm (D:3)
  3 giant geckos
  27 orcs
  15 bats
  A bat skeleton (D:4)
  7 giant cockroaches
  4 hobgoblins
  A quokka (D:2)
  A ball python zombie (D:5)
  A giant gecko skeleton (D:7)
  3 giant newts
  2 goblins
  7 jackals
  A jackal skeleton (D:5)
  22 kobolds
  30 rats
296 creatures vanquished.

Vanquished Creatures (collateral kills)
  A blink frog (Lair:1)
  A basilisk (Lair:1)
  5 yaks (Lair:1)
  A trapdoor spider (D:10)
  2 hippogriffs
  A water moccasin (D:7)
  An orc warrior (D:10)
  A porcupine (Lair:1)
  A sky beast (D:7)
  A crocodile (Lair:1)
  An ogre (D:5)
  3 giant frogs
  2 scorpions
  A wight (D:10)
  A giant frog zombie (D:7)
  A crimson imp (D:6)
  A giant frog skeleton (D:4)
  An iguana (Lair:2)
  2 orc wizards (D:10)
  2 worker ants
  5 sheep (Lair:4)
  3 gnolls (D:6)
  A shadow imp (D:5)
  5 river rats (Lair:4)
  An ooze (D:1)
  A giant gecko (D:4)
  13 orcs
  6 bats
  4 hobgoblins
  A jackal (D:4)
  A quokka (D:5)
  A giant cockroach (D:1)
  A giant gecko zombie (D:6)
  A giant newt (D:4)
  2 goblins
  4 rats
80 creatures vanquished.

Vanquished Creatures (others)
  A fungus (Lair:1)
  A plant (Lair:2)
2 creatures vanquished.

Grand Total: 378 creatures vanquished

Notes
Turn   | Place    | Note
--------------------------------------------------------------
     0 | D:1      | nubinia the Deep Elf Necromancer began the quest for the Orb.
     0 | D:1      | Reached XP level 1. HP: 10/10 MP: 6/6
     2 | D:1      | Learned a level 1 spell: Animate Skeleton
   260 | D:1      | Reached skill level 5 in Necromancy
   638 | D:1      | Reached XP level 2. HP: 7/15 MP: 2/8
  1482 | D:2      | Reached XP level 3. HP: 19/19 MP: 10/10
  1704 | D:2      | Learned a level 3 spell: Vampiric Draining
  2828 | D:2      | Reached XP level 4. HP: 7/24 MP: 7/12
  3388 | D:3      | Noticed a scorpion
  3391 | D:3      | Killed a scorpion
  3391 | D:3      | Reached skill level 6 in Necromancy
  3391 | D:3      | Reached XP level 5. HP: 22/28 MP: 8/14
  3456 | D:3      | Reached skill level 5 in Spellcasting
  3583 | D:3      | Learned a level 4 spell: Control Undead
  3587 | D:3      | Learned a level 3 spell: Regeneration
  4097 | D:4      | Reached XP level 6. HP: 27/32 MP: 10/16
  4103 | D:4      | Learned a level 4 spell: Animate Dead
  4167 | D:4      | Reached skill level 7 in Necromancy
  4345 | D:4      | Noticed an ogre
  4408 | D:4      | Killed an ogre
  4523 | D:4      | Found a sacrificial altar of Ru.
  4583 | D:5      | Entered Level 5 of the Dungeon
  4944 | D:5      | Reached XP level 7. HP: 25/37 MP: 10/18
  5009 | D:5      | Noticed Blork the orc
  5328 | D:5      | Got a bloodstained short sword
  5329 | D:5      | Identified the +2 short sword "Acleck" {pierce, rC+ MR+ Int-4} (You found it on level 5 of the Dungeon)
  5624 | D:6      | Reached skill level 1 in Charms
  5677 | D:6      | Reached skill level 1 in Short Blades
  5680 | D:6      | Reached skill level 8 in Necromancy
  5720 | D:6      | Reached skill level 1 in Fighting
  5727 | D:6      | Found an iron altar of Okawaru.
  5753 | D:6      | Reached XP level 8. HP: 20/43 MP: 10/21
  5903 | D:6      | Noticed a yak
  5907 | D:6      | Noticed a yak
  5907 | D:6      | Noticed a yak
  5907 | D:6      | Noticed a yak
  5907 | D:6      | Noticed a yak
  5917 | D:6      | Killed a yak
  5976 | D:5      | Found a snail-covered altar of Cheibriados.
  5976 | D:5      | Found a basalt altar of Yredelemnul.
  5993 | D:5      | Got a shimmering leather armour
  6004 | D:5      | Identified the +2 leather armour of Sistyo {rF+ MR- Str+4 Int+4} (You took it off a kobold on level 5 of the Dungeon)
  6331 | D:5      | Killed Blork the orc
  6332 | D:5      | Noticed Edmund
  6343 | D:5      | Noticed Grinder
  6346 | D:5      | Your ally Blork died
  6351 | D:4      | Killed Edmund
  6539 | D:5      | Reached skill level 9 in Necromancy
  6562 | D:5      | Noticed Pikel
  6617 | D:5      | Killed Pikel
  6617 | D:5      | Reached skill level 1 in Armour
  6617 | D:5      | Reached skill level 5 in Dodging
  6617 | D:5      | Reached skill level 5 in Stealth
  6617 | D:5      | Reached XP level 9. HP: 37/48 MP: 1/24
  6679 | D:7      | Killed a yak
  6679 | D:7      | Reached skill level 1 in Throwing
  6784 | D:7      | Found a radiant altar of Vehumet.
  6790 | D:7      | Found an iron altar of Okawaru.
  6791 | D:7      | Found a glowing golden altar of the Shining One.
  7035 | D:7      | Gained mutation: Armour fits poorly on your strangely shaped body. [mutagenic meat]
  7036 | D:7      | Gained mutation: You are agile. (Dex +2) [mutagenic meat]
  7037 | D:7      | Gained mutation: Your magical capacity is low (-10% MP). [mutagenic meat]
  7038 | D:7      | Lost mutation: Your magical capacity is low (-10% MP). [mutagenic meat]
  7039 | D:7      | Gained mutation: You have a pair of small horns on your head. [mutagenic meat]
  7063 | D:7      | Found a burning altar of Makhleb.
  7155 | D:7      | Found an opulent altar of Gozag.
  7191 | D:7      | Reached skill level 10 in Spellcasting
  7191 | D:7      | Reached skill level 10 in Necromancy
  7333 | D:7      | Found Gozag's Platinum Reserve.
  7616 | D:6      | Found a staircase to the Ecumenical Temple.
  7621 | Temple   | Entered the Ecumenical Temple
  7691 | Temple   | Became a worshipper of Sif Muna the Loreminder
  7903 | D:6      | Killed a yak
  7911 | D:6      | Killed a yak
  7912 | D:6      | Killed a yak
  8169 | D:8      | Noticed an eight-headed hydra
  8306 | D:9      | Found a bloodstained altar of Trog.
  8384 | D:9      | Noticed Prince Ribbit
  8806 | D:8      | Acquired Sif Muna's first power
  8806 | D:8      | Reached skill level 11 in Spellcasting
  9078 | D:7      | Reached XP level 10. HP: 48/54 MP: 10/27
  9187 | D:8      | Found a shadowy altar of Dithmenos.
  9240 | D:8      | Learned a level 3 spell: Dazzling Spray
  9724 | D:9      | Reached skill level 1 in Hexes
  9824 | D:9      | Killed Prince Ribbit
  9944 | D:9      | Reached skill level 1 in Conjurations
  9982 | D:9      | Your ally Prince Ribbit died
 10031 | D:10     | Entered Level 10 of the Dungeon
 10097 | D:10     | Found a bloodstained altar of Trog.
 10130 | D:10     | Noticed Snorg
 10458 | D:10     | Found a snail-covered altar of Cheibriados.
 10578 | D:10     | Killed Snorg
 10578 | D:10     | Acquired Sif Muna's second power
 10578 | D:10     | Reached skill level 5 in Charms
 10760 | D:10     | Found a staircase to the Lair.
 10760 | D:10     | Noticed an elephant
 10765 | D:10     | Noticed a death yak
 10814 | D:10     | Killed an elephant
 11007 | D:10     | Reached skill level 12 in Spellcasting
 11059 | D:10     | Killed a death yak
 11110 | D:10     | Reached skill level 1 in Invocations
 11148 | D:10     | Found a staircase to the Orcish Mines.
 11606 | Lair:1   | Entered Level 1 of the Lair of Beasts
 11648 | Lair:1   | Reached XP level 11. HP: 35/58 MP: 20/29
 12301 | Lair:1   | Reached skill level 13 in Spellcasting
 12308 | Lair:1   | Acquired Sif Muna's third power
 14325 | Lair:4   | Lost mutation: You have a pair of small horns on your head. [potion of mutation]
 14325 | Lair:4   | Gained mutation: You are partially covered in yellow scales (AC +2). [potion of mutation]
 14760 | Lair:4   | Noticed Rupert
 14801 | Lair:4   | Slain by Rupert

Vault maps used:
D:1:      dpeg_arrival_ternary
D:4:      wad_pebble_path, first_bread, nicolae_ru_the_path_less_chosen
D:5:      lemuel_ratsnest, gammafunk_temple_overflow_wave, uniq_pikel,
          uniq_grinder, uniq_edmund, uniq_blork_the_orc
D:6:      minmay_temple_entry_from_below_a, okawaru_trees_2
D:7:      nicolae_gozag_zags_fifth_avenue, grunt_temple_overflow_open,
          lemuel_tele_altar
D:8:      old_standard_altar
D:9:      lemuel_statue_altar, uniq_prince_ribbit1
D:10:     david_lair_generic, hiddenorc2_lemuel, basic_altar, bloody_trog,
          uniq_snorg
Temple:   dpeg_five_rooms_temple_12
Lair:4:   uniq_rupert

Action                   |  1- 3 |  4- 6 |  7- 9 | 10-12 || total
-------------------------+-------+-------+-------+-------++-------
Melee: Dagger            |    53 |    85 |    44 |       ||   182
       Short sword       |       |       |   350 |   528 ||   878
 Fire: Blowgun           |       |       |    21 |    41 ||    62
 Cast: Pain              |    48 |    62 |    27 |     7 ||   144
       Animate Skeleton  |    21 |    10 |    11 |    18 ||    60
       Vampiric Draining |     1 |     8 |    37 |    70 ||   116
       Control Undead    |       |     4 |    12 |     5 ||    21
       Animate Dead      |       |     6 |    27 |    38 ||    71
       Regeneration      |       |     1 |     8 |    13 ||    22
       Dazzling Spray    |       |       |       |    10 ||    10
Invok: Channel Energy    |       |       |       |    18 ||    18
Evoke: Wand              |       |       |     1 |     2 ||     3
       Sack of spiders   |       |       |       |     3 ||     3
  Use: Scroll            |     3 |     3 |     6 |     7 ||    19
       Potion            |       |       |     7 |     4 ||    11
 Stab: Sleeping          |     5 |     5 |    10 |    23 ||    43
       Distracted        |     2 |       |     1 |     7 ||    10
       Invisible         |       |       |     3 |     6 ||     9
       Paralysed         |       |       |     1 |       ||     1
  Eat: Chunk             |     6 |     7 |    20 |    23 ||    56
       Beef jerky        |       |     1 |       |       ||     1
       Pizza             |       |       |     1 |       ||     1
       Royal jelly       |       |       |     1 |     1 ||     2
       Fruit             |       |       |       |     1 ||     1
